 Dungeon Crawl Stone Soup version 0.13.1-27-ga479965 (webtiles) character file.

323 Mitsuki the Changer (level 5, 0/37 HPs)
             Began as a Merfolk Transmuter on Jan 26, 2014.
             Succumbed to an orc's poison
             ... on Level 3 of the Dungeon.
             The game lasted 00:13:47 (4226 turns).

Mitsuki the Changer (Merfolk Transmuter)            Turns: 4226, Time: 00:13:47

HP   0/37        AC  3     Str 11      XL: 5   Next: 85%
MP   3/7         EV 13     Int 13      God:
Gold 116         SH  0     Dex 14      Spells:  2 memorised,  4 levels left

Res.Fire  : . . .   See Invis. : .     - Unarmed
Res.Cold  : . . .   Warding    : .   g - +0 robe
Life Prot.: . . .   Conserve   : .   (no shield)
Res.Poison: .       Res.Corr.  : .   (no helmet)
Res.Elec. : .       Clarity    : .   (no cloak)
Sust.Abil.: . .     Spirit.Shd : .   h - +0 pair of gauntlets
Res.Mut.  : .       Stasis     : .   (no boots)
Res.Rott. : .       Flight     : .   (no amulet)
Saprovore : . . .                    (no ring)
                                     (no ring)

@: quite poisoned, very slightly contaminated, slightly resistant to hostile
enchantments, unstealthy
A: change form in water, swift swim
a: no special abilities


You were on level 3 of the Dungeon.
You were hungry.

You visited 1 branch of the dungeon, and saw 3 of its levels.

You collected 96 gold pieces.

Inventory:

Missiles
 b - 12 arrows
Armour
 g - a +0 robe (worn)
 h - a +0 pair of gauntlets (worn)
Comestibles
 a - 2 bread rations
 m - 2 meat rations
Scrolls
 c - 2 scrolls of identify {unknown}
 e - a scroll of teleportation {unknown}
 i - a scroll of enchant armour {unknown}
 l - 3 scrolls of remove curse {unknown}
Jewellery
 f - an uncursed ring of protection from magic {unknown}
 k - an uncursed ring of fire {unknown}
Potions
 j - a potion of might
Books
 d - a book of Changes

   Spells                             Type                      Level
   *Beastly Appendage                 Transmutation                1
   Sticks to Snakes                   Transmutation                2
   *Spider Form                       Transmutation/Poison         3
   Ice Form                           Ice/Transmutation            4
   Blade Hands                        Transmutation                5


   Skills:
 - Level 1.1 Fighting
 - Level 2.6 Dodging
 + Level 3.7 Unarmed Combat
 - Level 2.0 Spellcasting
 + Level 7.5 Transmutations


You had 4 spell levels left.
You knew the following spells:

 Your Spells              Type           Power        Failure   Level  Hunger
a - Beastly Appendage     Trmt           ###...       1%          1    ##.....
b - Spider Form           Trmt/Pois      ##........   17%         3    ####...


Dungeon Overview and Level Annotations

Branches:
Dungeon (3/27)

Altars:


Message History

You start resting.
Your horns disappear.
* * * LOW HITPOINT WARNING * * *
You feel sick.
You start resting.
* * * LOW HITPOINT WARNING * * *
You feel sick.
You start resting.
* * * LOW HITPOINT WARNING * * *
You feel sick.
You start resting.
* * * LOW HITPOINT WARNING * * *
You feel sick.
You start resting.
* * * LOW HITPOINT WARNING * * *
You feel sick.
Drink which item? (? for menu, Esc to quit)
Okay, then.
You start resting.
You die...

....................#
..##.####.#####..####
..##.## #........<.########
......###.................#
..........................#
..##..###..........<......#
.###..###.......%.........#
................%.........#
......###......%@.........#
......# #......)...#.######
......# #.###....###..%...#
......# #.# #....####.#.#.#
.##...# #.# #.....# ##.#.##
.##...# #.# #%....# #.###.#
.##...###.###.....# ##.#.##
...........##.....# #.#)#.#
..................# ##.#.##


There were no monsters in sight!

Vanquished Creatures
  An orc priest (D:3)
  8 adders
  2 worms
  6 orcs (D:3)
  4 giant cockroaches
  15 hobgoblins
  13 kobolds
  6 quokkas
  6 bats
  6 giant geckos
  8 giant newts
  5 goblins
  8 rats
88 creatures vanquished.

Notes
Turn   | Place    | Note
--------------------------------------------------------------
     0 | D:1      | Mitsuki, the Merfolk Transmuter, began the quest for the Orb.
     0 | D:1      | Reached XP level 1. HP: 15/15 MP: 1/1
   493 | D:1      | Reached XP level 2. HP: 2/21 MP: 0/3
  1048 | D:1      | Reached skill level 4 in Transmutations
  1218 | D:1      | Reached XP level 3. HP: 11/26 MP: 2/4
  1512 | D:1      | Learned a level 3 spell: Spider Form
  1917 | D:2      | Reached skill level 5 in Transmutations
  2115 | D:2      | Reached XP level 4. HP: 32/32 MP: 0/6
  2609 | D:2      | Reached skill level 6 in Transmutations
  3373 | D:3      | Reached XP level 5. HP: 23/37 MP: 4/7
  3644 | D:3      | Reached skill level 7 in Transmutations
  4224 | D:3      | HP: 1/37 [poisoned by an orc]
  4226 | D:3      | Succumbed to an orc's poison

Action                   |  1- 3 |  4- 6 || total
-------------------------+-------+-------++-------
Melee: Unarmed           |   154 |   189 ||   343
 Cast: Beastly Appendage |    23 |    11 ||    34
       Spider Form       |     2 |    15 ||    17
  Use: Potion            |       |     6 ||     6
       Scroll            |       |     4 ||     4
 Stab: Sleeping          |       |     1 ||     1
